 Dungeon Crawl Stone Soup version 0.28.0-43-g3370ac3207 (webtiles) character file.

Game seed: 14170068319786354916

775 pkoi the Destroyer (level 7, -3/36 HPs)
             Began as an Octopode Conjurer on Mar 17, 2022.
             Was a Follower of Hepliaklqana.
             Slain by a sky beast (5 damage)
             ... on level 5 of the Dungeon.
             The game lasted 00:07:46 (6837 turns).

pkoi the Destroyer (Octopode Conjurer)              Turns: 6837, Time: 00:07:46

Health: -3/36      AC:  3    Str:  6    XL:     7   Next: 84%
Magic:  1/10       EV: 13    Int: 22    God:    Hepliaklqana [*.....]
Gold:   287        SH:  0    Dex: 11    Spells: 0/10 levels left

rFire   . . .      SeeInvis .   e - +1 short sword (drain)
rCold   . . .      Faith    .   (no shield)
rNeg    . . .      Spirit   .   d - +2 hat
rPois   .          Reflect  .   (no amulet)
rElec   .          Harm     .   (no ring)
rCorr   .          Rampage  .   (no ring)
Will    .....                   (no ring)
Stlth   +++.......              (no ring)
HPRegen 0.12/turn               (no ring)
MPRegen 0.12/turn               (no ring)
                                (no ring)
                                (no ring)

@: very slightly contaminated
A: reduced essence, almost no armour, amphibious, 8 rings, camouflage 1,
gelatinous body 1, (nimble swimmer 1), tentacles
a: Renounce Religion, Recall Ancestor, Ancestor Identity


You were on level 5 of the Dungeon.
You worshipped Hepliaklqana.
Hepliaklqana was aware of your devotion.
You visited 2 branches of the dungeon, and saw 6 of its levels.

You collected 287 gold pieces.

Inventory:

Hand Weapons
 a - a +0 dagger
 e - a +1 short sword of draining (weapon)
 l - a +0 long sword of flaming
Missiles
 h - 2 throwing nets
Armour
 d - a +2 hat (worn)
Scrolls
 b - 2 scrolls of teleportation
Potions
 c - a potion of curing
 f - 2 potions of haste
 g - a potion of lignification
 i - a potion of brilliance {unknown}
 k - a potion of cancellation {unknown}


   Skills:
 - Level 2.0 Dodging
 - Level 2.6 Stealth
 - Level 2.0 Spellcasting
 + Level 8.6 Conjurations
 - Level 2.3 Hexes
 + Level 2.3 Translocations


You couldn't memorise any spells.
You knew the following spells:

 Your Spells              Type           Power      Damage    Failure   Level
a - Magic Dart            Conj           100%       1d8       1%          1
b - Searing Ray           Conj           80%        2d7       1%          2
c - Dazzling Flash        Conj/Hex       52%        N/A       4%          3
d - Iskenderun's Mystic   Conj/Tloc      26%        2d7       14%         4

Your spell library contained the following spells:

 Spells                   Type           Power      Damage    Failure   Level
 Static Discharge         Conj/Air       21%        N/A       3%          2
 Ensorcelled Hibernation  Hex/Ice        14%        N/A       13%         2
 Fulminant Prism          Conj/Hex       13%        3d9       14%         4
 Sticky Flame             Conj/Fire      21%        2d4       24%         4
 Spider Form              Tmut/Pois      2%         N/A       38%         3
 Anguish                  Hex/Necr       3%         N/A       65%         4
 Dispel Undead            Necr           2%         3d7       80%         4


Dungeon Overview and Level Annotations

Branches:
Dungeon (5/15)             Temple (1/1) D:5

Altars:
Ashenzari
Cheibriados
Dithmenos
Elyvilon
Fedhas
Gozag
Hepliaklqana
Kikubaaqudgha
Makhleb
Nemelex Xobeh
Okawaru
Qazlal
Ru
Sif Muna
Trog
Uskayaw
Vehumet
Wu Jian
Yredelemnul
The Shining One
Beogh

Shops:
D:4 *

Annotations:
D:3 Ijyb
D:4 1 runed translucent door, cookedgoose's ghost, amateur OpWr


Innate Abilities, Weirdness & Mutations

Your life essence is reduced to manifest your ancestor. (-10% HP)
You cannot wear most types of armour.
You are amphibious.
You can wear up to eight rings at the same time.
Your skin changes colour to match your surroundings (Stealth+).
Your rubbery body absorbs attacks. (AC +1, EV +1)
((You are camouflaged when in or above water. (Stealth+)))
You have tentacles for arms and can constrict up to eight enemies at once.


Message History

Reactivating autopickup.
Eva completely misses the orc.
Something hits Eva!
The sky beast flickers out of sight!
Deactivating autopickup; reactivate with Ctrl-A.
There is an open door here.
A sky beast appears from thin air!
Reactivating autopickup.
You see here a scroll of noise.
Casting: Searing Ray (safe; 1% risk of failure)
Confirm with . or Enter, or press ? or * to list all spells.
The spell is quite dangerous to miscast (14% risk of failure)!
Continue anyway?
You miscast Iskenderun's Mystic Blast.
You are very lightly contaminated with residual magic.
Space bends around you.
You are magically locked in place.
The sky beast barely misses you.
Casting: Iskenderun's Mystic Blast (quite dangerous; 14% risk of failure)
Confirm with . or Enter, or press ? or * to list all spells.
The spell is quite dangerous to miscast (14% risk of failure)!
Continue anyway?
You erupt in a blast of force!
The mystic blast hits the plant.
The plant begins to die.
The plant is lightly damaged.
The mystic blast hits the plant.
The plant begins to die.
The plant is lightly damaged.
The mystic blast hits the sky beast.
The sky beast is moderately wounded.
The sky beast is knocked back by the mystic blast.
The sky beast slams into the rock wall!
The sky beast is heavily wounded.
You hear a shout!
Unknown command.
You cannot move.
Eva hits the orc but does no damage.
The orc closely misses Eva.
You barely miss the sky beast.
You squeeze the sky beast, but do no damage.
The sky beast is heavily wounded.
You are no longer locked in place.
A nearby plant withers and dies.
The sky beast hits you.
* * * LOW HITPOINT WARNING * * *
The sky beast shocks you.
You die...

#### #.P≈≈♣♣≈≈≈..'..# ..
#P≈♣♣♣♣♣♣≈..#..# ...
#PR≈♣ ≈≈.##..##...
#Po≈♣♣♣♣♣..# >......
#.≈≈♣≈P♣≈≈.. ....PP.
#..≈≈≈≈.o...#..P≈≈≈P
#..≈.P.##..#..P.≈♣
#.#P#+.##..#Y.Po♣♣
####oY@...##<...P≈P≈♣
##..#...<...#...+.P≈♣♣
#..........##.(#..≈P≈♣
#...##.....###[##..≈≈≈≈
#...##......[[..##..P≈≈≈
##..##....⌠.....# ..PPP.
####...........# #.####
#...⌠.>.⌠...# #
##.........##


You could see the friendly Eva the ancestor, a sky beast (ally target) and 2
orcs.

Vanquished Creatures
  A necrophage (D:4)
  An ogre (D:5)
  A centaur (D:5)
  A kobold brigand (D:4)
  A scorpion (D:5)
  A water moccasin skeleton (D:3)
  A hound (D:4)
  An orc priest (D:3)
  A centaur skeleton (D:5)
  3 orc wizards
  4 adders
  7 gnolls
  An ufetubus (D:4)
  A dart slug (D:1)
  2 worms (D:4)
  8 orcs
  5 ball pythons
  7 bats
  5 endoplasms
  6 hobgoblins
  4 quokkas
  2 frilled lizards (D:1)
  6 goblins
  7 kobolds
  8 rats
85 creatures vanquished.

Vanquished Creatures (others)
  22 plants (D:5)
22 creatures vanquished.

Grand Total: 107 creatures vanquished

Notes
Turn   | Place    | Note
-------+----------+-------------------------------------------
     0 | D:1      | pkoi the Octopode Conjurer began the quest for the Orb.
     0 | D:1      | Reached XP level 1. HP: 11/11 MP: 3/3
   374 | D:1      | Reached XP level 2. HP: 17/17 MP: 1/5
  1133 | D:2      | Reached XP level 3. HP: 21/21 MP: 3/6
  1184 | D:2      | Learned a level 2 spell: Searing Ray
  1188 | D:2      | Learned a level 3 spell: Dazzling Flash
  1312 | D:2      | Reached skill level 5 in Conjurations
  1882 | D:1      | Reached XP level 4. HP: 27/27 MP: 4/7
  2330 | D:2      | Found a faded altar of an unknown god.
  2711 | D:3      | Reached skill level 6 in Conjurations
  2711 | D:3      | Reached XP level 5. HP: 14/31 MP: 0/8
  2979 | D:3      | Noticed Ijyb
  3593 | D:3      | Found a hazy altar of Hepliaklqana.
  3635 | D:3      | Became a worshipper of Hepliaklqana the Forgotten
  3722 | D:3      | Reached skill level 7 in Conjurations
  3722 | D:3      | Reached XP level 6. HP: 32/36 MP: 2/9
  3809 | D:3      | Found a shimmering blue altar of Sif Muna.
  4609 | D:4      | Noticed a necrophage
  4619 | D:4      | Killed a necrophage
  4768 | D:4      | Reached skill level 8 in Conjurations
  4768 | D:4      | Reached XP level 7. HP: 41/41 MP: 1/10
  4774 | D:4      | Learned a level 4 spell: Iskenderun's Mystic Blast
  5068 | D:4      | Found a runed translucent door.
  5070 | D:4      | Noticed cookedgoose's ghost (amateur OpWr)
  5170 | D:4      | Found Etowotiw's General Store.
  5835 | D:5      | Entered Level 5 of the Dungeon
  5835 | D:5      | Found a staircase to the Ecumenical Temple.
  5843 | Temple   | Entered the Ecumenical Temple
  6130 | D:5      | Reached skill level 1 in Hexes
  6130 | D:5      | Reached skill level 1 in Translocations
  6777 | D:5      | Reached * piety under Hepliaklqana
  6837 | D:5      | Slain by a sky beast

Illustrated notes

Levels and vault maps discovered:
D:1:      amcnicky_arrival_choice, layout_basic, serial_bayou_pond_b,
          roderic_cross_of_infinity, chequers_serial_rivers_micro_e
D:2:      layout_loops_corners, hellmonk_ecumenical_altar_run_dry
D:3:      layout_rooms, worldfamousw_hep_ancestral_shrine, led_sif_book,
          dk_noncrumbling_2, kennysheep_orc_chapel, uniq_ijyb
D:4:      layout_loops_ring, serial_shops, shop_statue,
          ebering_ghost_inner_flame
D:5:      layout_gridville, lemuel_tele_altar, temple_fountains, serial_bayou,
          serial_bayou_pond_d, serial_bayou_pond_c, serial_bayou_pond_c,
          serial_bayou_pond_a, serial_bayou_crossing, uniq_eustachio
Temple:   dpeg_five_rooms_temple

Skill      XL: |  1  2  3  4  5  6  7 |
---------------+----------------------+-----
Conjurations   | 5 6 7 8 |  8.6
Hexes          | 2 |  2.3
Translocations | 2 |  2.3
Dodging        | |  2.0
Stealth        | |  2.6
Spellcasting   | |  2.0

Action                   |  1- 3 |  4- 6 |  7- 9 || total
-------------------------+-------+-------+-------++-------
Melee: Unarmed           |     2 |       |       ||     2
       Tentacles         |     2 |     2 |     1 ||     5
       Short sword       |     2 |    13 |     9 ||    24
       Constrict         |     1 |     3 |     2 ||     6
 Cast: Magic Dart        |    57 |    78 |    24 ||   159
       Searing Ray       |       |     7 |     7 ||    14
       Iskenderun's Myst |       |       |     1 ||     1
Invok: Ancestor Identity |       |       |     1 ||     1
  Use: Scroll            |       |     6 |     2 ||     8
       Potion            |       |       |     2 ||     2
 Stab: Sleeping          |       |     1 |       ||     1
Armor: Skin              |     1 |     1 |    10 ||    12
Dodge: Dodged            |     8 |    10 |    23 ||    41
